 Dungeon Crawl Stone Soup version 0.22-a0-135-g6f012ad (webtiles) character file.

56 nono the Insei (level 3, -5/17 HPs)
             Began as a Vine Stalker Transmuter on Jan 31, 2018.
             Slain by a necrophage (6 damage)
             ... on level 5 of the Dungeon.
             The game lasted 00:04:19 (1367 turns).

nono the Insei (Vine Stalker Transmuter)            Turns: 1367, Time: 00:04:19

Health: -5/17      AC:  2    Str: 12    XL:     3   Next: 95%
Magic:  0/8        EV: 12    Int: 14    God:
Gold:   56         SH:  0    Dex: 14    Spells: 5/8 levels left

rFire    . . .     SeeInvis .     - Unarmed
rCold    . . .     Gourm    .   (no shield)
rNeg     . . .     Faith    .   b - +0 robe
rPois    .         Spirit   +   (no helmet)
rElec    .         Reflect  .   (no cloak)
rCorr    .         Harm     .   (no gloves)
MR       .....                  (no boots)
Stlth    +.........             (no amulet)
HPRegen  0.05/turn              (no ring)
MPRegen  0.11/turn              (no ring)

@: no status effects
A: fangs 2, magic shield, antimagic bite, no potion heal 3, rot immunity
a: no special abilities


You were on level 5 of the Dungeon.
You were hungry.

You visited 1 branch of the dungeon, and saw 5 of its levels.

You collected 56 gold pieces.

Inventory:

Missiles
 a - 36 arrows
Armour
 b - a +0 robe (worn)
Wands
 h - a wand of flame (18)
Scrolls
 e - a scroll of teleportation {unknown}
 f - a scroll of identify {unknown}
 g - a scroll of enchant weapon {unknown}
Books
 c - a book of Changes

   Spells                             Type                      Level
   a - Beastly Appendage              Transmutation                1
   b - Sticks to Snakes               Transmutation                2
   c - Spider Form                    Transmutation/Poison         3
   d - Ice Form                       Ice/Transmutation            4
   e - Blade Hands                    Transmutation                5
Comestibles
 d - 4 rations


   Skills:
 - Level 0.8 Fighting
 - Level 1.6 Dodging
 - Level 3.5 Unarmed Combat
 + Level 3.0 Spellcasting
 + Level 2.8 Transmutations


You had 5 spell levels left.
You knew the following spells:

 Your Spells              Type           Power        Failure   Level  Hunger
a - Beastly Appendage     Tmut           ##....       6%          1    #......
b - Sticks to Snakes      Tmut           ##......     10%         2    ##.....


Dungeon Overview and Level Annotations

Branches:
Dungeon (5/15)
 Temple: D:4-7

Altars:


Innate Abilities, Weirdness & Mutations

You have extremely sharp teeth.
When hurt, damage is shared between your health and your magic reserves.
Your bite disrupts and absorbs the magic of your enemies.
Potions cannot restore your health.
You are immune to rotting.


Message History

Evoke which item? (* to show all) (? for menu, Esc to quit)
Aiming: Throw Flame
Press: ? - help, Shift-Dir - straight line, f/p - necrophage
Aim: a necrophage (almost destroyed)
The puff of flame misses the necrophage.
The necrophage closely misses you.
Evoke which item? (* to show all) (? for menu, Esc to quit)
Aiming: Throw Flame
Press: ? - help, Shift-Dir - straight line, f/p - necrophage
Aim: a necrophage (almost destroyed)
The puff of flame misses the necrophage.
The necrophage closely misses you.
Evoke which item? (* to show all) (? for menu, Esc to quit)
Aiming: Throw Flame
Press: ? - help, Shift-Dir - straight line, f/p - necrophage
Aim: a necrophage (almost destroyed)
The puff of flame misses the necrophage.
Your horns disappear.
The necrophage hits you.
You die...

# ##. ....
..$..
......#######..
......n@.......
(....?#######.#
..... .... ...
.. .


You could see a necrophage.

Vanquished Creatures
  2 adders
  An ooze (D:3)
  A worm (D:3)
  3 dart slugs
  2 leopard geckos (D:1)
  A giant cockroach (D:1)
  4 hobgoblins
  4 kobolds
  A bat (D:3)
  3 goblins
  A rat (D:2)
23 creatures vanquished.

Notes
Turn   | Place    | Note
-------+----------+-------------------------------------------
     0 | D:1      | nono the Vine Stalker Transmuter began the quest for the Orb.
     0 | D:1      | Reached XP level 1. HP: 9/9 MP: 4/4
   304 | D:1      | Reached XP level 2. HP: 1/14 MP: 1/6
   855 | D:2      | Reached XP level 3. HP: 10/17 MP: 7/7
  1081 | D:3      | Learned a level 2 spell: Sticks to Snakes
  1344 | D:5      | Entered Level 5 of the Dungeon
  1344 | D:5      | Noticed a necrophage
  1367 | D:5      | Slain by a necrophage

Vault maps used:
D:1:      dpeg_arrival_fog, minmay_misc_feat_encased, moated_statue
D:2:      minmay_misc_feat_five, uniq_natasha
D:3:      first_ration
D:5:      serial_co_window_serial, co_window_corner_a,
          co_window_of_opportunity_a, co_window_paths_b, co_window_corner_a,
          co_window_corner_a, co_window_paths_a, co_window_paths_b,
          co_window_unsneaky_path_b, co_window_corner_b, co_window_broadway_c,
          co_window_broadway_a, co_window_corner_b, co_window_of_opportunity_b,
          glass_columns_a, glass_columns_c, glass_columns_b,
          uniq_crazy_yiuf_cottage

Skill      XL: |  1  2  3 |
---------------+----------+-----
Spellcasting   | 3 |  3.0
Fighting       | |  0.8
Dodging        | |  1.6
Unarmed Combat | |  3.5
Transmutations | |  2.8

Action                   || total
-------------------------++-------
Melee: Unarmed           ||    80
       Bite              ||    18
       Kick              ||     9
       Headbutt          ||     7
       Punch             ||     1
 Cast: Beastly Appendage ||    17
Evoke: Wand              ||     6
 Stab: Sleeping          ||     1
  Eat: Chunk             ||     1
Armor: Robe              ||     5
Dodge: Dodged            ||    52

Table legend:
 A = Spawn XP
 B = Non-spawn XP
 C = Spawn XP percentage of total XP
 D = Spawn monster count
 E = Non-spawn monster count
 F = Spawn count percentage of total count
 G = Total turns spent on level
                    A         B        C        D         E        F      G
               +---------+---------+-------+---------+---------+-------+---------
         Total |       0 |      80 |   0.0 |       0 |      23 |   0.0 |  1367
               +---------+---------+-------+---------+---------+-------+---------
           D:1 |       0 |      26 |   0.0 |       0 |      11 |   0.0 |  1016
           D:2 |       0 |      18 |   0.0 |       0 |       4 |   0.0 |    36
           D:3 |       0 |      36 |   0.0 |       0 |       8 |   0.0 |   270
               +---------+---------+-------+---------+---------+-------+---------
